AoeStats
← dashuaibi

Lombardia

508406660Analyzed
4v4 RM · 10d ago on Sep 22, 2026· 54m 2s· 8 players
Game mode
Random Map
Map size
Large (8 player)
Population
200
Speed
Normal
Resources
Standard
Victory
Conquest
Starting age
Dark Age
Ending age
Imperial Age
RankedLock teamsTeams togetherTeam positionsShared explorationLock speedFull tech treeHidden civsTurbo modeCheats
Victory
Defeat
🇩🇪 Chinese · Germany
1503
+10
🇬🇧 Persians · United Kingdom
1438
+13
🇺🇸 Berbers · United States
1419
+14
🇩🇪 Khmer · Germany
1409
+14
🇹🇼 Mongols · Taiwan
1394
-14
🇨🇳 Byzantines · China
1377
-13
🇨🇳 Britons · China
1353
-12
🇨🇳 Japanese · China
1353
-12
Wolf Slayer
11:07 Feudal Age
15:35 Castle Age
13:23 Double-Bit Axe
13:21 Horse Collar
16:25 Loom
18:02 Bow Saw
19:31 Wheelbarrow
23:24 Hand Cart
23:40 Heavy Plow
27:21 Gold Mining
30:57 Imperial Age
29:29 Scale Barding Armor
31:05 Chain Barding Armor
31:52 Crop Rotation
31:06 Elite War Elephant
33:00 Two-Man Saw
32:38 Plate Barding Armor
34:06 Forging
34:47 Caravan
35:25 Iron Casting
35:44 Bloodlines
35:46 Town Watch
36:06 Husbandry
37:57 Blast Furnace
38:40 Gold Shaft Mining
40:11 Fletching
40:44 Ballistics
Baron von Kissalot
0:25 Loom
10:42 Feudal Age
16:03 Castle Age
14:31 Double-Bit Axe
14:50 Horse Collar
20:14 Fletching
22:02 Bow Saw
23:36 Heavy Plow
25:03 Stone Mining
25:05 Gold Mining
25:02 Crossbowman
25:40 Bodkin Arrow
27:12 Wheelbarrow
28:18 Hand Cart
29:48 Gold Shaft Mining
33:58 Imperial Age
31:57 Ballistics
32:55 Thumb Ring
33:02 Padded Archer Armor
33:15 Caravan
33:41 Town Watch
35:53 Two-Man Saw
35:59 Chemistry
35:24 Conscription
35:22 Great Wall
35:29 Bracer
35:45 Leather Archer Armor
36:11 Fortified Wall
36:07 Arbalester
37:56 Elite Chu Ko Nu
39:28 Murder Holes
39:44 Masonry
40:10 Ring Archer Armor
42:59 Architecture
43:05 Scale Barding Armor
43:11 Forging
43:41 Light Cavalry
44:23 Husbandry
44:34 Bloodlines
46:02 Iron Casting
45:48 Chain Barding Armor
45:15 Heavy Rocket Cart
46:27 Rocketry
48:58 Arrowslits
49:05 Guard Tower
50:44 Capped Ram
55:36 Blast Furnace
55:12 Plate Barding Armor
Togepi
11:24 Feudal Age
15:23 Castle Age
13:34 Horse Collar
13:42 Double-Bit Axe
15:41 Loom
18:19 Heavy Plow
18:57 Bow Saw
23:57 Wheelbarrow
23:32 Gold Mining
24:32 Stone Mining
25:50 Hand Cart
27:59 Bloodlines
27:49 Husbandry
31:27 Imperial Age
30:08 Gold Shaft Mining
30:20 Ballistics
30:53 Scale Barding Armor
30:59 Forging
31:31 Elite Battle Elephant
32:32 Chain Barding Armor
31:44 Heavy Scorpion
32:49 Siege Engineers
33:44 Iron Casting
33:57 Caravan
35:07 Plate Barding Armor
36:27 Chemistry
37:33 Conscription
38:59 Blast Furnace
38:03 Tusk Swords
41:13 Double Crossbow
42:43 Fletching
N3mu
6:57 Loom
9:28 Feudal Age
10:17 Double-Bit Axe
18:39 Fletching
18:43 Gold Mining
18:35 Horse Collar
21:18 Castle Age
19:49 Stone Mining
19:52 Fletching
22:50 Bow Saw
30:03 Imperial Age
28:41 Bloodlines
29:27 Fletching
30:44 Bodkin Arrow
32:12 Bracer
32:49 Padded Archer Armor
34:01 Wheelbarrow
34:14 Ballistics
34:34 Caravan
35:05 Kasbah
35:31 Husbandry
36:26 Leather Archer Armor
37:14 Chemistry
37:45 Conscription
38:22 Town Watch
38:54 Hand Cart
39:11 Leather Archer Armor
39:10 Masonry
40:07 Thumb Ring
42:10 Elite Camel Archer
43:34 Maghrebi Camels
43:38 Treadmill Crane
45:07 Hoardings
45:46 Coinage
46:47 Ring Archer Armor
47:49 Scale Mail Armor
47:54 Scale Barding Armor
48:02 Forging
48:48 Banking
52:11 Heavy Plow
lun
10:27 Feudal Age
10:03 Loom
15:59 Castle Age
14:18 Double-Bit Axe
14:37 Horse Collar
23:43 Bow Saw
25:40 Wheelbarrow
26:00 Stone Mining
27:31 Hand Cart
27:20 Heavy Plow
30:13 Stone Shaft Mining
29:30 Gold Mining
30:59 Gold Shaft Mining
33:52 Imperial Age
31:08 Town Watch
31:49 Fletching
31:59 Padded Archer Armor
32:11 Bloodlines
32:01 Husbandry
33:01 Bodkin Arrow
33:17 Thumb Ring
33:42 Ballistics
33:18 Murder Holes
33:34 Masonry
34:14 Elite Mangudai
35:16 Conscription
35:13 Leather Archer Armor
34:58 Bracer
36:15 Chemistry
35:27 Masonry
36:10 Siege Engineers
36:34 Drill
36:16 Nomads
38:02 Hoardings
36:54 Onager
37:55 Bracer
38:40 Parthian Tactics
39:20 Siege Onager
40:19 Forging
41:40 Light Cavalry
43:39 Scale Barding Armor
44:04 Hussar
46:15 Chain Barding Armor
47:33 Iron Casting
dashuaibi
11:03 Feudal Age
11:59 Loom
16:38 Castle Age
15:51 Double-Bit Axe
15:46 Horse Collar
20:48 Bow Saw
23:30 Wheelbarrow
24:09 Stone Mining
24:14 Gold Mining
25:34 Stone Shaft Mining
25:41 Gold Shaft Mining
29:46 Imperial Age
27:59 Hand Cart
28:23 Scale Barding Armor
28:29 Forging
29:41 Chain Barding Armor
30:28 Caravan
30:58 Coinage
30:39 Guilds
31:36 Two-Man Saw
30:38 Heavy Plow
31:38 Conscription
31:57 Plate Barding Armor
31:58 Iron Casting
32:45 Iron Casting
32:01 Fletching
33:16 Chemistry
32:36 Ballistics
31:57 Treadmill Crane
34:05 Logistica
36:34 Banking
35:28 Elite Cataphract
37:04 Hoardings
37:19 Fortified Wall
37:05 Murder Holes
37:08 Bodkin Arrow
39:12 Bracer
40:27 Husbandry
39:48 Light Cavalry
43:16 Scale Mail Armor
43:58 Squires
43:44 Arson
43:50 Pikeman
44:40 Gambesons
45:16 Chain Mail Armor
44:50 Halberdier
46:53 Plate Mail Armor
630406632
11:14 Feudal Age
11:38 Loom
12:37 Double-Bit Axe
16:11 Castle Age
14:39 Horse Collar
17:58 Bow Saw
23:10 Wheelbarrow
26:07 Stone Mining
28:21 Town Watch
29:20 Hand Cart
28:57 Gold Mining
31:01 Yasama
30:53 Fletching
34:10 Imperial Age
32:09 Heavy Plow
32:31 Bodkin Arrow
32:37 Guard Tower
33:07 Ballistics
34:00 Gold Shaft Mining
33:33 Arson
33:49 Squires
33:34 Gambesons
34:40 Masonry
35:03 Scale Mail Armor
35:14 Forging
36:19 Two-Man Saw
35:55 Kataparuto
35:56 Conscription
36:18 Keep
36:45 Chemistry
37:24 Caravan
38:22 Bracer
38:59 Iron Casting
38:04 Pikeman
38:53 Siege Engineers
38:34 Arrowslits
40:53 Chain Mail Armor
41:39 Blast Furnace
40:17 Man-at-Arms
40:38 Halberdier
42:23 Plate Mail Armor
41:54 Padded Archer Armor
46:08 Leather Archer Armor
50:38 Ring Archer Armor
49:50 Elite Skirmisher
50:55 Murder Holes
老头
7:24 Loom
11:06 Feudal Age
13:58 Double-Bit Axe
17:57 Horse Collar
21:19 Castle Age
19:46 Stone Mining
20:53 Gold Mining
23:28 Heavy Plow
24:05 Bow Saw
27:18 Wheelbarrow
28:10 Gold Shaft Mining
29:56 Hand Cart
29:28 Town Watch
30:21 Fletching
30:32 Padded Archer Armor
31:20 Bodkin Arrow
32:46 Leather Archer Armor
35:26 Imperial Age
36:18 Fortified Wall
36:20 Masonry
36:19 Elite Longbowman
38:16 Bracer
39:26 Ballistics
40:06 Chemistry
39:21 Pikeman
40:01 Squires
39:47 Gambesons
40:19 Pikeman
41:00 Squires
40:45 Gambesons
40:46 Arson
41:49 Ring Archer Armor
41:20 Scale Mail Armor
41:30 Forging
41:55 Halberdier
45:23 Chain Mail Armor
45:43 Iron Casting
49:37 Elite Skirmisher
Connection lost

Rejoining the realm…

Still unreachable

The connection could not be restored.

Session expired

The server has moved on; the page needs a fresh start.